Unix xNetHack Version 8.0.0 - last build Jan 14 2024 16:46:22 (be4d3c81716514284228e1a23197c27ddb32b841). Game began 2024-03-18 11:16:15, ended 2024-03-18 21:13:18. Okoto, chaotic female elven Wizard --------------- ------- |>............| |.....| | |......_......| |.....-## ....| |.............| |.:...| # ##.......| #|.............| -.----- # # ....| ##..............| # #### # ----- # ----------.---- # # # ### # # # # --------- # # # # # # |!!!!!@.-# # # ## # # |!!!!.!.|@d# # # ## # -----# |!!!!!!.| ### -----# #### # # |...|# --------- ###....-# #### -----|---- ####....|# |...| ---.--------- |........| |.<..# |....#####|...........|#####.........| ----- ----- #.............# |.>......| --|---------- ---------- # Okoto the Thaumaturge St:11 Dx:14 Co:7 In:20 Wi:9 Ch:10 Chaotic S:4047 Dlvl:4 $:441 HP:0(40) Pw:76(76) AC:4 Xp:7/809 T:5895 Fainted Deaf Latest messages: U - a potion of healing (unpaid, 133 zorkmids) {20}. You see here an emerald potion (for sale, 400 zorkmids). You see here a fizzy potion (for sale, 200 zorkmids). You see here a dark potion (for sale, 267 zorkmids). You see here a white potion (for sale, 133 zorkmids). You see here a dark potion (for sale, 267 zorkmids). You see here a cyan potion (for sale, 400 zorkmids). You see here a fizzy potion (for sale, 200 zorkmids). You see here a dark potion (for sale, 267 zorkmids). You see here a milky potion (for sale, 356 zorkmids). You see here a cyan potion (for sale, 400 zorkmids). You see here a cyan potion (for sale, 400 zorkmids). You see here a clear potion (for sale, 133 zorkmids). You see here a clear potion (for sale, 7 zorkmids). A potion of healing {20} for 133 zorkmids. Pay? [yn] (n) y You bought a potion of healing {20} for 133 gold pieces. "Thank you for shopping in Sablja's liquor emporium!" You see here a dark potion (for sale, 267 zorkmids). You see here a fizzy potion (for sale, 200 zorkmids). You see here a fizzy potion (for sale, 200 zorkmids). You see here an emerald potion (for sale, 400 zorkmids). You see here a murky potion (for sale, 67 zorkmids). You stop. Sablja is in the way! You faint from lack of food. You regain consciousness. You smack the dog. The dog bites! You pound the dog! The dog bites! You hit the dog! Your mithril elven ring mail blocks the dog's attack. You faint from lack of food. The dog bites! The dog bites! The dog bites! The dog bites! The dog bites! The dog bites! The dog bites! The dog bites! The dog bites! The dog bites! The dog bites! The dog bites! You die... Do you want your possessions identified? [ynq] (y) y Do you want to see your attributes? [ynq] (y) y Do you want an account of creatures vanquished? [ynaq] (y) n Do you want to see your conduct and achievements? [ynq] (y) y Do you want to see the dungeon overview? [ynq] (y) n Inventory: Inventory: 397/500 weight (20/52 slots) Coins $ - 441 gold pieces {4} Amulets m - an uncursed silver amulet of ESP (being worn) {25} l - an uncursed silver amulet of unchanging {25} Weapons s - a +0 sling (alternate weapon; not wielded) {3} t - a +0 elven dagger {10} q - a blessed +1 quarterstaff (weapon in hands) {40} Armor P - an uncursed +0 pair of dwarvish boots {50} a - an uncursed +0 pair of speed boots (being worn) {15} b - an uncursed +0 cloak of magic resistance (being worn) {8} O - an uncursed +0 mithril elven ring mail (being worn) {88} Comestibles J - 2 uncursed tripe rations {20} T - an uncursed bat corpse {20} u - an uncursed lichen corpse {20} R - an uncursed lizard corpse {10} Scrolls C - a blessed scroll of light {5} Potions y - an uncursed potion of healing {20} U - a cursed potion of healing {20} Wands N - a wand of magic missile (0:4) {7} Tools g - a magic marker (0:78) {2} n - a magic marker (0:65) {2} k - an uncursed skeleton key {3} Okoto the Wizard's attributes: Background: You were a Thaumaturge, a level 7 female elven Wizard. You were chaotic, on a mission for Anhur who was opposed by Ptah (lawful) and Thoth (neutral). You were heterosexual. You were in the Dungeons of Doom, on level 4. You entered the dungeon 5895 turns ago. You had 809 experience points, 471 more were needed to attain level 8. Your score was 4047 before end-of-game adjustments. Basics: You had 0 out of 40 hit points. You had all 76 energy points (spell power). Your armor class was 4. Your wallet contained 441 zorkmids. Autopickup was off. Final Characteristics: Your strength was 11 (base:12, peak:14, limit:18). Your dexterity was 14 (limit:18). Your constitution was 7 (peak:10, limit:16). Your intelligence was 20 (limit:20). Your wisdom was 9 (limit:20). Your charisma was 10 (limit:18). Final Status: You were deaf. You were fainted due to starvation. You were unencumbered. You were wielding a quarterstaff. You were skilled in quarterstaff. Final Attributes: You were piously aligned. You were magic-protected. You were sleep resistant. You were telepathic. You had infravision. You aggravated monsters. You were guarded. You were very fast. Anhur was angry with you. You are dead. Miscellaneous: You never encountered a bones level. Total elapsed playing time was 3 hours, 10 minutes and 58 seconds. Major events: Turn 1: Okoto the chaotic female elven Wizard entered the dungeon 1305: attained the rank of Conjurer (level 3) 2494: entered the Gnomish Mines 3830: attained the rank of Thaumaturge (level 6) 5895: killed by a dog, while fainted from lack of food Vanquished creatures: an iron piercer a gnome ruler a lizard a dog a rope golem a rock mole a pony a fog cloud 2 yellow lights a shrieker 3 gnome leaders 2 gnomish wizards 2 floating eyes 3 kittens 8 dwarves a homunculus a kobold leader 2 kobold shamans 10 hill orcs 5 rothes a giant bat 3 iguanas an acid blob 3 hobbits 4 manes a large kobold 2 giant rats a red mold 33 gnomes 2 geckos 3 jackals 5 foxes a kobold 3 goblins a sewer rat 3 grid bugs 2 bats 6 lichens a kobold zombie 6 newts 130 creatures vanquished. No species were genocided or became extinct. Voluntary challenges: You read items or engraved 9 times. You never genocided any monsters. You never polymorphed an object. You never changed form. You never touched an artifact. You used no wishes. You were celibate. You never generated conflict. Achievements: You attained the rank of Conjurer. You entered a shop. You entered the Gnomish Mines. You attained the rank of Thaumaturge. You entered a temple. Dungeon overview: The Dungeons of Doom: levels 1 to 5 Level 1: A fountain. Level 2: Level 3: An armor shop, a grave. Level 4: <- You were here. A potion shop, an altar. Stairs down to The Gnomish Mines. Final resting place for you, killed by a dog, while fainted from lack of food. Level 5: The Gnomish Mines: levels 5 to 8 Level 5: Level 6: Level 7: Many shops, a temple, some fountains. Level 8: Game over: __________ / \ / REST \ / IN \ / PEACE \ / \ | Okoto | | 441 Au | | killed by a dog | | | | | | | | 2024 | *| * * * | * _________)/\\_//(\/(/\)/\//\/|_)_______ Goodbye Okoto the Wizard... You died in The Dungeons of Doom on dungeon level 4 with 4003 points, and 441 pieces of gold, after 5895 moves. You were level 7 with a maximum of 40 hit points when you died.